Map: Station d’habitation EC (Void)

Players

Naffy - Winner!

  • Race: Terran Terran
  • League: Grandmaster
  • Spawn Location: 11:00

Gremory

  • Race: Zerg Zerg
  • League: Master
  • Spawn Location: 1:00

VOD

Have the link to the VOD?

Description

Time

  • Played on: Dec. 15, 2016, 2:38 p.m.
  • Length: 18:10
Show
View Real Time Build Order
Export as new Build Order

Naffy Terran - Winner!

Build Orders: Reaper Expand, Hellion Banshee, Mech 

Get SALT Encoding   

  12  0:00  SCV  
  13  0:12  SCV  
  14  0:17  Supply Depot  
  14  0:24  SCV  
  15  0:38  SCV  
  15  0:39  Barracks  
  16  0:44  Refinery  
  16  0:50  SCV  
  17  1:02  SCV  
  18  1:15  SCV  
  19  1:27  Orbital Command, Reaper  
  20  1:38  Command Center  
  20  1:51  Supply Depot  
  20  1:52  SCV  
  21  1:59  Marine  
  22  2:04  Factory  
  22  2:06  SCV  
  23  2:11  Refinery  
  23  2:18  SCV  
  24  2:23  Barracks Reactor  
  24  2:38  SCV  
  24  2:50  SCV  
  24  2:51  Orbital Command, Starport  
  25  3:04  Hellion x2  
  29  3:09  Supply Depot, SCV  
  29  3:11  Barracks Tech Lab  
  30  3:17  SCV  
  31  3:22  SCV  
  31  3:25  Hellion x2  
  35  3:39  SCV x2  
  37  3:48  Cloaking Field, Banshee  
  37  3:51  SCV x2, Hellion x2  
  46  4:01  Supply Depot  
  46  4:04  Armory  
  46  4:07  SCV  
  46  4:08  SCV  
  48  4:15  Hellion x2  
  52  4:19  Supply Depot  
  52  4:24  SCV x2  
  52  4:31  Banshee  
  54  4:38  Hellion x2  
  61  4:41  SCV x2  
  63  4:46  Supply Depot  
  63  4:51  Supply Depot  
  63  4:54  SCV  
  63  4:55  SCV  
  65  5:07  SCV x2  
  65  5:22  SCV x2  
  65  5:27  Hellion x2, Banshee  
  72  5:30  Command Center  
  72  5:31  Refinery  
  72  5:32  Refinery  
  72  5:34  SCV x2  
  63  5:46  SCV x2  
  61  5:58  SCV x2  
  61  5:59  Hellion x2  
  61  6:03  Armory  
  67  6:05  Barracks Tech Lab  
  67  6:07  Factory  
  67  6:08  Factory  
  67  6:10  Banshee  
  70  6:11  Supply Depot  
  70  6:15  SCV x2  
  72  6:23  Cyclone x2  
  78  6:27  SCV  
  78  6:28  SCV  
  78  6:30  Engineering Bay  
  81  6:40  SCV x2  
  82  6:52  SCV x2  
  82  6:53  Orbital Command  
  84  6:56  Hellion x2  
  84  7:00  Terran Vehicle Weapons Level 1, Terran Vehicle And Ship Armor Level 1  
  88  7:04  Starport Reactor  
  88  7:08  Infernal Pre-Igniter, Thor  
  88  7:10  Missile Turret  
  88  7:12  Refinery  
  88  7:14  Refinery, SCV x2, Missile Turret  
  96  7:17  Hellion x2  
  96  7:19  Missile Turret  
  96  7:20  Orbital Command  
  96  7:22  Missile Turret  
  100  7:37  SCV  
  101  7:42  Supply Depot  
  101  7:45  Siege Tank  
  101  7:46  Hellion x2  
  101  7:48  Supply Depot  
  101  7:49  Supply Depot, Liberator x2, SCV  
  109  7:55  Siege Tank, SCV x2  
  114  8:03  SCV  
  115  8:07  SCV x2  
  115  8:11  Supply Depot x2  
  123  8:15  SCV  
  123  8:19  SCV x2  
  126  8:22  Siege Tank  
  129  8:27  Siege Tank, SCV  
  129  8:31  SCV x2  
  135  8:40  Supply Depot  
  135  8:41  Supply Depot  
  135  8:45  Command Center  
  135  8:52  Liberator x2  
  132  9:08  Siege Tank x2  
  132  9:09  Hellion x2  
  139  9:10  Terran Vehicle Weapons Level 2  
  139  9:11  Terran Vehicle And Ship Armor Level 2  
  139  9:12  Supply Depot  
  139  9:15  Supply Depot  
  145  9:24  Command Center  
  145  9:30  Factory  
  145  9:31  Hellion x2  
  149  9:32  Factory  
  147  9:57  Planetary Fortress  
  147  10:00  Siege Tank x2, Hellion  
  147  10:01  Hellion  
  147  10:05  Missile Turret  
  152  10:10  Refinery  
  128  10:20  Factory Reactor  
  105  10:22  Hellion x2  
  100  10:32  Siege Tank x2  
  100  10:35  Refinery  
  106  10:38  Factory Tech Lab  
  106  10:40  Viking x2  
  110  10:42  Planetary Fortress  
  110  10:43  Hellion x2  
  110  10:45  Missile Turret  
  114  11:00  Command Center  
  114  11:01  Siege Tank, Hellion x2  
  114  11:02  Liberator  
  114  11:03  Liberator  
  114  11:04  Siege Tank, Thor  
  121  11:05  Command Center, Hellion x2  
  121  11:07  Missile Turret  
  134  11:19  Missile Turret  
  134  11:23  Hellion x2  
  144  11:26  Hellion x2  
  148  11:34  Siege Tank  
  148  11:36  Siege Tank  
  150  11:44  Hellion  
  150  11:46  Terran Vehicle And Ship Armor Level 3, Terran Vehicle Weapons Level 3  
  152  11:52  Missile Turret  
  152  11:57  Siege Tank  
  152  11:59  Hellion x3  
  161  12:06  Siege Tank, Hellion  
  162  12:14  Viking x2  
  158  12:20  Siege Tank, Hellion  
  158  12:21  Hellion x2  
  167  12:27  Hellion  
  172  12:30  Siege Tank  
  172  12:35  Missile Turret  
  168  12:40  Missile Turret  
  168  12:42  Hellion x3  
  168  12:43  Siege Tank  
  168  12:44  Viking x2  
  177  12:48  Hellion  
  183  12:52  Siege Tank  
  186  13:03  Hellion x2  
  190  13:07  Siege Tank  
  190  13:08  Hellion  
  190  13:10  Hellion  
  191  13:15  Siege Tank  
  192  13:21  Liberator  
  192  13:22  Liberator  
  192  13:24  Siege Tank  
  192  13:25  Hellion x2  
  185  13:30  Hellion  
  185  13:31  Hellion  
  189  13:36  Missile Turret  
  189  13:37  Missile Turret  
  189  13:39  Siege Tank  
  198  13:44  Missile Turret  
  198  13:46  Hellion  
  185  14:21  Siege Tank x2, Viking, Thor  
  185  14:22  Viking  
  185  14:23  Hellion x4  
  150  14:44  Hellion  
  150  14:45  Hellion x3  
  154  14:53  Siege Tank  
  154  14:54  Siege Tank  
  158  15:04  Siege Tank  
  158  15:05  Hellion  
  158  15:06  Viking, Hellion x3  
  128  15:07  Viking  
  169  15:08  Sensor Tower  
  169  15:13  Terran Ship Weapons Level 1  
  171  15:25  Siege Tank  
  171  15:26  Cyclone, Siege Tank  
  171  15:27  Cyclone x2  
  186  15:34  Planetary Fortress  
  186  15:36  Thor  
  186  15:37  Refinery x2, Missile Turret x2  
  186  15:39  Missile Turret  
  170  16:01  Refinery  
  170  16:03  Siege Tank x2  
  158  16:04  Hellion  
  158  16:05  Hellion x3  
  166  16:19  Siege Tank  
  169  16:26  Hellion x4  
  177  16:35  Siege Tank x2  
  183  16:46  Missile Turret  
  185  16:47  Hellion x3, Missile Turret  
  185  16:48  Hellion, Missile Turret  
  185  16:54  Viking x2  
  193  16:55  Siege Tank  
  198  17:08  Hellion, Missile Turret  
  200  17:10  Missile Turret x2  
  198  17:27  Missile Turret  
  184  17:33  Missile Turret  
  165  17:42  Hellion x4  
  166  17:59  Missile Turret  
Show
View Real Time Build Order
Export as new Build Order

Gremory Zerg 

Build Orders: Hatch First, Swarm Host 

Get SALT Encoding   

  12  0:01  Drone  
  13  0:14  Overlord  
  13  0:19  Drone  
  14  0:33  Drone x2  
  16  0:38  Drone  
  17  0:54  Hatchery  
  16  0:59  Drone  
  16  1:00  Drone  
  16  1:03  Extractor  
  17  1:16  Spawning Pool  
  16  1:20  Drone  
  16  1:23  Drone  
  18  1:31  Drone  
  19  1:44  Overlord  
  19  2:03  Queen  
  19  2:04  Zergling x4  
  19  2:06  Queen  
  19  2:07  Zergling x2  
  26  2:10  Metabolic Boost  
  26  2:14  Drone  
  27  2:18  Drone  
  28  2:24  Drone  
  29  2:34  Drone x2  
  31  2:41  Drone  
  32  2:52  Hatchery  
  32  2:53  Queen  
  33  3:01  Overlord  
  33  3:04  Drone x2  
  35  3:09  Drone  
  36  3:12  Overlord  
  36  3:19  Queen  
  38  3:24  Drone x4  
  40  3:39  Drone x4  
  43  3:44  Zergling x8  
  43  3:48  Zergling x8  
  51  3:55  Overlord  
  51  4:01  Overlord  
  51  4:07  Queen x2  
  55  4:13  Queen  
  57  4:18  Overlord  
  57  4:20  Drone  
  57  4:21  Drone x4  
  62  4:26  Spore Crawler  
  62  4:30  Drone x4  
  65  4:35  Spore Crawler  
  65  4:37  Spore Crawler  
  64  4:38  Drone  
  64  4:43  Spore Crawler  
  63  4:49  Drone x5  
  63  4:52  Drone  
  69  4:54  Drone  
  69  4:55  Drone  
  71  5:02  Zergling x6  
  67  5:17  Zergling x10  
  67  5:18  Zergling x14  
  60  5:33  Queen x3  
  59  5:54  Drone  
  59  5:55  Drone x8  
  64  6:01  Extractor  
  63  6:04  Evolution Chamber x2  
  63  6:07  Drone x3  
  63  6:10  Lair  
  62  6:18  Drone x3  
  65  6:19  Roach Warren  
  65  6:23  Extractor  
  63  6:32  Drone x3  
  66  6:33  Zerg Missile Weapons Level 1, Zerg Ground Armor Level 1  
  66  6:37  Overlord  
  66  6:42  Overlord  
  66  6:45  Drone x8  
  72  6:58  Drone, Overlord  
  72  6:59  Overlord  
  72  7:01  Extractor  
  72  7:09  Drone x4  
  72  7:10  Glial Reconstitution  
  76  7:19  Queen  
  76  7:21  Overseer  
  78  7:26  Drone x10  
  78  7:28  Extractor  
  87  7:30  Extractor  
  86  7:42  Hatchery  
  85  7:45  Overlord x4  
  85  7:55  Roach  
  85  7:56  Roach x5  
  97  8:00  Overlord x6  
  97  8:10  Roach x2  
  101  8:16  Roach  
  101  8:17  Roach x3  
  109  8:20  Drone  
  110  8:28  Roach x2  
  110  8:29  Roach x5  
  110  8:32  Ravager  
  110  8:33  Ravager x7  
  132  8:40  Zerg Missile Weapons Level 2  
  132  8:43  Drone x7  
  132  8:44  Extractor  
  138  8:49  Extractor  
  138  8:51  Queen x2  
  139  9:12  Drone x4  
  139  9:16  Roach x10  
  163  9:17  Overlord  
  163  9:25  Zerg Ground Armor Level 2  
  163  9:33  Overlord  
  163  9:34  Queen  
  163  9:36  Roach x2  
  169  9:39  Ravager  
  169  9:40  Ravager x8  
  169  9:42  Roach  
  169  9:45  Roach  
  182  9:48  Roach x2  
  182  9:52  Roach x3  
  192  9:59  Roach, Ravager  
  197  10:00  Roach x2  
  125  10:22  Roach  
  125  10:23  Roach x15  
  138  10:32  Roach x2  
  138  10:33  Roach x4  
  148  10:39  Zergling x2  
  148  10:40  Zergling x2  
  150  10:43  Roach  
  150  10:44  Roach  
  150  10:47  Roach  
  150  10:48  Ravager, Roach  
  150  10:49  Ravager x3  
  162  10:50  Ravager  
  162  10:51  Ravager x2  
  162  10:56  Hatchery  
  164  10:59  Roach  
  164  11:00  Roach x3  
  164  11:02  Ravager x3  
  175  11:07  Roach x4  
  175  11:09  Overseer  
  183  11:11  Roach  
  183  11:12  Roach  
  183  11:16  Roach x2  
  183  11:17  Roach  
  193  11:19  Ravager  
  193  11:34  Roach x3  
  198  11:55  Infestation Pit, Ravager  
  198  12:03  Hatchery  
  197  12:24  Roach  
  188  12:31  Roach x6  
  188  12:35  Drone x3  
  199  12:38  Spire  
  199  12:39  Hive  
  174  13:25  Swarm Host x10  
  198  13:34  Spore Crawler  
  198  13:39  Swarm Host  
  198  13:41  Overseer  
  158  14:32  Roach x13  
  176  14:39  Ravager x5  
  176  14:40  Overlord x4  
  176  14:41  Greater Spire  
  176  14:51  Drone x9  
  182  14:53  Overlord x2  
  182  14:57  Overlord  
  182  14:58  Overlord  
  175  15:04  Drone  
  175  15:05  Drone x6  
  182  15:07  Drone  
  182  15:08  Drone x2  
  185  15:16  Swarm Host x5  
  200  15:25  Hatchery  
  199  15:31  Zerg Missile Weapons Level 3  
  199  15:46  Extractor  
  199  15:49  Extractor  
  116  16:07  Corruptor x4  
  116  16:08  Corruptor x6  
  134  16:15  Roach x5  
  127  16:41  Brood Lord x2  
  127  16:42  Brood Lord  
  137  16:47  Brood Lord x3  
  139  16:54  Brood Lord  
  141  17:01  Brood Lord  
  143  17:13  Brood Lord  
  145  17:16  Brood Lord  
Tags
 
Add a new tag
Caveats
  • Supply blocks, unpowered buildings, or Contaminate may cause inaccurate times.
  • Supply counts are checked every 10 seconds.